 Dungeon Crawl Stone Soup version 0.31-a0-986-g5e6e4ef867 (webtiles) character file.

Game seed: 2426159057318730978

10902 IdlyInterested the Basher (level 11, -1/81 HPs)
             Began as a Demonspawn Fighter on Nov 3, 2023.
             Was a Believer of Trog.
             Slain by a fire dragon (9 damage)
             ... on level 9 of the Dungeon.
             The game lasted 00:33:59 (8069 turns).

IdlyInterested the Basher (Demonspawn Fighter)      Turns: 8069, Time: 00:34:00

Health: -1/81      AC: 24    Str: 19    XL:     11   Next: 42%
Magic:  11/11      EV: 11    Int:  9    God:    Trog [**....]
Gold:   188        SH:  5    Dex: 13    Spells: 10/10 levels left

rFire   . . .        k - +4 dire flail (protect)
rCold   . . .        (shield currently unavailable)
rNeg    . . .        J - +5 ring mail of the Thunderstorm {rPois Regen+ Str-2}
rPois   +            K - +0 helmet
rElec   .            (no cloak)
rCorr   .            m - +2 pair of gloves
SInv    +            (no boots)
Will    .....        O - amulet of reflection
Stlth   ++           f - ring of flight
HPRegen 1.13/turn    H - ring of see invisible
MPRegen 0.12/turn

%: reflection
@: mighty, under a protective aura, on berserk cooldown, flying, slowed, very
slow
A: molten scales 1, demonic guardian 2, spiny 1, demonic touch 2
a: Renounce Religion, Berserk, Trog's Hand


You were on level 9 of the Dungeon.
You worshipped Trog.
Trog was pleased with you.
You visited 2 branches of the dungeon, and saw 10 of its levels.
You also visited: Sewer.

You collected 476 gold pieces.
You spent 288 gold pieces at shops.

Inventory:

Hand Weapons
 k - a +4 dire flail of protection (weapon)
 o - a +0 morningstar
 u - a +2 whip of flaming
Missiles
 e - 25 poisoned darts (quivered)
 g - 141 stones
 r - 2 boomerangs
 x - 6 javelins
 A - 6 curare-tipped darts
 N - a throwing net
Armour
 c - a +0 buckler
 m - a +2 pair of gloves (worn)
 J - the +5 ring mail of the Thunderstorm (worn) {rPois Regen+ Str-2}
   (You bought it in a shop on level 1 of the Dungeon)

   Str-2:     It affects your strength (-2).
   rPois:     It protects you from poison Regen+: It increases your rate of
   health regeneration.
 K - a +0 helmet (worn)
Jewellery
 f - a ring of flight (left hand)
 H - a ring of see invisible (right hand)
 O - an amulet of reflection (around neck)
Talismans
 P - a flux talisman
Wands
 b - a wand of flame (13)
 B - a wand of mindburst (18)
 E - a wand of paralysis (30)
 Q - a wand of polymorph (8)
 R - a wand of quicksilver (8)
Scrolls
 h - a scroll of blinking
 j - 3 scrolls of acquirement
 l - a scroll of enchant armour
 n - 2 scrolls of enchant weapon
 q - a scroll of vulnerability
 s - a scroll of fear
 t - a scroll of fog
 w - 4 scrolls of teleportation
 y - 2 scrolls of revelation
 G - a scroll of brand weapon
Potions
 i - a potion of cancellation
 p - a potion of brilliance
 z - a potion of invisibility
 D - a potion of haste {unknown}
 F - a potion of resistance {unknown}
 I - a potion of mutation {unknown}
 S - a potion of lignification


   Skills:
 - Level 6.0 Fighting
 * Level 13.2 Maces & Flails
 - Level 1.0 Throwing
 - Level 5.0 Armour
 - Level 1.0 Dodging
 - Level 5.0 Stealth
 - Level 2.6 Shields
 + Level 5.9 Unarmed Combat
 - Level 1.0 Evocations
 - Level 1.0 Shapeshifting


You had 10 spell levels left.
You didn't know any spells.
Your spell library contained the following spells:

 Spells                   Type           Power      Damage    Failure   Level
 Sandblast                Erth           0%         2d4       56%         1
 Shock                    Conj/Air       0%         1d3       56%         1
 Swiftness                Air            0%         N/A       90%         3
 Airstrike                Air            0%         2d(0-16)  100%        4
 Anguish                  Hex/Necr       0%         N/A       100%        4
 Manifold Assault         Tloc           0%         N/A       100%        4
 Death Channel            Necr           0%         N/A       100%        6
 Dispersal                Tloc           0%         N/A       100%        6
 Disjunction              Tloc           0%         N/A       100%        8


Dungeon Overview and Level Annotations

Branches:
Dungeon (9/15)             Temple (1/1) D:7             Orc (0/2) D:9
  Sewer (visited)
   Lair: D:8-11

Altars:
Ashenzari
Cheibriados
Dithmenos
Fedhas
Gozag
Hepliaklqana
Kikubaaqudgha
Makhleb
Nemelex Xobeh
Okawaru
Qazlal
Ru
Sif Muna
Trog
Uskayaw
Vehumet
Wu Jian
Xom
Yredelemnul

Shops:
D:1 [   D:4 ?


Innate Abilities, Weirdness & Mutations

You are partially covered in molten scales. (AC +2)
A demonic guardian rushes to your aid.
You are partially covered in sharp spines.
Your touch may inflict irresistible damage on your foes.


Message History

The fire dragon breathes flames at you. The blast of flame hits you!!!
* * * LOW HITPOINT WARNING * * *
A demonic guardian appears!
You puncture the fire dragon!
The fire dragon is moderately wounded.
You barely miss the fire dragon.
The fire dragon is moderately wounded.
You completely miss the fire dragon.
The fire dragon is moderately wounded.
The kobold brigand is struck by your spines.
You kill the kobold brigand!
Trog accepts your kill.
The fire dragon is struck by your spines.
The fire dragon misses you. The fire dragon barely misses you.
The fire dragon tramples you but does no damage.
You swap places.
You feel a strong urge to attack something.
You are no longer berserk.
You are exhausted.
You feel yourself slow down.
Your skin stops crawling.
You feel less strong-willed. The fire dragon bites your hellwing!
The fire dragon barely misses your hellwing.
The fire dragon tramples your hellwing.
Your hellwing is shoved backwards!
Your hellwing hits the fire dragon but does no damage.
Your hellwing hits the fire dragon.
Throw: 25 darts (poison)
Press: ? - help, Q - select action, (/) - cycle Shift-Dir - straight line, f - fire dragon
Aim: a fire dragon (moderately wounded, catching its breath, ally target, 65% to hit)
Okay, then.
Throw: 7 darts (curare)
Press: ? - help, Shift-Dir - straight line, f - fire dragon
Aim: a fire dragon (moderately wounded, catching its breath, ally target, 65% to hit)
You throw a curare-tipped dart.
The curare-tipped dart completely misses the fire dragon.
Your hellwing barely misses the fire dragon.
Your hellwing hits the fire dragon but does no damage.
The fire dragon barely misses you. x2; The fire dragon tramples you!
You die...

####
###########################..<
#........................##...
#.#####################..##...
#.# #.........#..##..> #.#
#@#######.#...>... ##.#
..#D4#......#....... ###..#
..#))#####..#.>..... .....#
#..TD....#...#....... ###..#
#..#...###...#....... ##.#
#.T.#...#.....#....### #.#
.... ##..##...##.#.## #.#
....# #...#...##.#.# ##.# #.##
#####.#####.#.#


You could see a fire dragon (catching breath, ally target), a troll, an acid
dragon and a friendly hellwing (summoned).

Vanquished Creatures
  A hydra (D:8)
  A centaur warrior (D:8)
  A two-headed ogre (D:9)
  A skeletal warrior (D:9)
  Pikel (D:4)
  Jeremiah (D:8)
  A hornet (D:7)
  Grinder (Sewer)
  A flying skull (D:7)
  A wyvern (D:6)
  A shadow (D:8)
  9 yaks
  2 steam dragons
  Edmund (D:5)
  A water moccasin (D:8)
  3 orc warriors
  2 ice beasts
  An elephant zombie (D:7)
  A black bear (D:7)
  A sky beast (D:6)
  3 centaurs
  3 kobold brigands
  2 phantoms
  An elf zombie (D:7)
  3 scorpions
  4 bullfrogs
  3 gnoll sergeants (D:9)
  8 wights
  10 killer bees
  A vampire bat (D:3)
  2 howler monkeys (D:8)
  5 orc priests
  A jelly (D:8)
  A centaur zombie (D:7)
  2 hounds
  3 gnoll boudas
  3 iron imps
  2 iguanas (D:5)
  A sleepcap (D:8)
  7 orc wizards
  2 scorpion zombies (D:7)
  An ogre zombie (D:7)
  3 hound zombies (D:7)
  2 howler monkey zombies (D:7)
  6 adders
  21 gnolls
  A shadow imp (D:8)
  2 ufetubi (D:5)
  An adder zombie (D:7)
  2 worms
  4 dart slugs
  3 fire bats (D:3)
  26 orcs
  2 spectral bats (D:3)
  8 ball pythons
  21 bats
  3 bat skeletons (D:3)
  2 bat zombies
  8 endoplasms
  6 giant cockroaches
  4 goblins
  3 hobgoblins
  8 jackals
  5 quokkas
  A bat simulacrum (D:3)
  4 frilled lizards
  29 kobolds
  A kobold zombie (Sewer)
  2 rats
278 creatures vanquished.

Vanquished Creatures (collateral kills)
  A centaur warrior (D:8)
  A freezing wraith (D:9)
  A yak (D:9)
  An iron imp (D:3)
  A killer bee zombie (D:7)
  A gnoll (D:1)
  An adder zombie (D:7)
  4 orcs
  A quokka (D:1)
  A frilled lizard (D:1)
  A kobold (D:1)
14 creatures vanquished.

Grand Total: 292 creatures vanquished

Notes
Turn   | Place    | Note
-------+----------+-------------------------------------------
     0 | D:1      | IdlyInterested the Demonspawn Fighter began the quest for
                  | the Orb.
     0 | D:1      | Reached XP level 1. HP: 18/18 MP: 1/1
   187 | D:1      | Reached skill level 2 in Maces & Flails
   187 | D:1      | Reached skill level 1 in Dodging
   213 | D:1      | Gained mutation: You are partially covered in molten
                  | scales. (AC +2) [demonic ancestry]
   213 | D:1      | Reached XP level 2. HP: 24/24 MP: 2/2
   301 | D:1      | Reached skill level 1 in Stealth
   386 | D:1      | Reached skill level 1 in Evocations
   386 | D:1      | Gained mutation: A weak demonic guardian rushes to your
                  | aid. [demonic ancestry]
   386 | D:1      | Reached XP level 3. HP: 11/29 MP: 3/3
   562 | D:1      | Reached skill level 1 in Throwing
   727 | D:1      | Found Kiph's Antique Armour Shoppe.
  1148 | D:2      | Gained mutation: Your touch may inflict minor irresistible
                  | damage on your foes. [demonic ancestry]
  1148 | D:2      | Reached XP level 4. HP: 35/35 MP: 4/4
  1289 | D:2      | Reached skill level 3 in Maces & Flails
  1803 | D:3      | Found a shimmering altar of Xom.
  1822 | D:3      | Noticed a scorpion
  1827 | D:3      | Killed a scorpion
  1828 | D:3      | Reached skill level 4 in Maces & Flails
  1828 | D:3      | Reached XP level 5. HP: 39/41 MP: 5/5
  1944 | D:3      | Found a stormy altar of Qazlal.
  2108 | D:3      | Found a faded altar of an unknown god.
  2112 | D:3      | Found an opulent altar of Gozag.
  2219 | D:3      | Found a burning altar of Makhleb.
  2241 | D:3      | Reached XP level 6. HP: 34/47 MP: 6/6
  2522 | D:3      | Reached skill level 1 in Unarmed Combat
  2683 | D:4      | Noticed Pikel
  2693 | D:4      | Killed Pikel
  2694 | D:4      | Reached skill level 6 in Maces & Flails
  2694 | D:4      | Gained mutation: A demonic guardian rushes to your aid.
                  | [demonic ancestry]
  2694 | D:4      | Reached XP level 7. HP: 41/52 MP: 7/7
  2764 | D:4      | Found a hide-covered altar of Uskayaw.
  2794 | D:4      | Reached skill level 1 in Shapeshifting
  2827 | D:4      | Gained mutation: You are partially covered in sharp spines.
                  | [demonic ancestry]
  2827 | D:4      | Reached XP level 8. HP: 54/58 MP: 8/8
  2832 | D:4      | Found a glowing drain.
  2841 | Sewer    | Entered a sewer
  2974 | Sewer    | Found an ancient bone altar of Kikubaaqudgha.
  3000 | Sewer    | Noticed Grinder
  3013 | Sewer    | Killed Grinder
  3014 | Sewer    | Reached skill level 7 in Maces & Flails
  3055 | Sewer    | Paralysed by a wight for 2 turns
  3284 | D:4      | Found Ulujas's Magic Scroll Boutique.
  3334 | D:1      | Bought a faintly humming ring mail for 162 gold pieces
  3334 | D:1      | Identified the +5 ring mail of the Thunderstorm {rPois
                  | Regen+ Str-2} (You bought it in a shop on level 1 of the
                  | Dungeon)
  3442 | D:4      | Found a shimmering blue altar of Sif Muna.
  3788 | D:4      | Identified a scroll of acquirement
  3850 | D:5      | Entered Level 5 of the Dungeon
  4008 | D:5      | Noticed Edmund
  4027 | D:5      | Killed Edmund
  4028 | D:5      | Reached skill level 8 in Maces & Flails
  4748 | D:6      | Gained mutation: Your touch may inflict irresistible damage
                  | on your foes. [demonic ancestry]
  4748 | D:6      | Reached XP level 9. HP: 54/65 MP: 9/9
  4964 | D:6      | Reached skill level 9 in Maces & Flails
  5305 | D:1      | Bought a heavily runed leather armour for 126 gold pieces
  5305 | D:1      | Identified the +1 leather armour of Disappointment {Int+3
                  | Stlth+} (You bought it in a shop on level 1 of the Dungeon)
  5486 | D:7      | Identified the "Deklumu"
  5527 | D:7      | Reached skill level 5 in Fighting
  5817 | D:7      | Found a basalt altar of Yredelemnul.
  5952 | D:7      | Found a staircase to the Ecumenical Temple.
  5963 | D:7      | Reached skill level 10 in Maces & Flails
  5983 | Temple   | Entered the Ecumenical Temple
  6036 | D:7      | Reached skill level 5 in Unarmed Combat
  6097 | D:7      | Found a bloodstained altar of Trog.
  6106 | D:7      | Became a worshipper of Trog the Wrathful
  6821 | D:8      | Reached XP level 10. HP: 74/74 MP: 10/10
  6948 | D:8      | Noticed a centaur warrior
  6961 | D:8      | Noticed a five-headed hydra
  6962 | D:8      | Reached * piety under Trog
  6963 | D:8      | Reached skill level 11 in Maces & Flails
  6963 | D:8      | Reached skill level 5 in Armour
  6982 | D:8      | Killed a five-headed hydra
  6983 | D:8      | HP: 1/74 [centaur warrior/arrow (12)]
  6988 | D:8      | Killed a centaur warrior
  6989 | D:8      | Reached skill level 5 in Stealth
  6992 | D:8      | Noticed a centaur warrior
  6994 | D:8      | Noticed Jeremiah
  7011 | D:8      | Killed a centaur warrior
  7012 | D:8      | Reached skill level 12 in Maces & Flails
  7037 | D:8      | Killed Jeremiah
  7402 | D:9      | Found a staircase to the Orcish Mines.
  7508 | D:9      | Noticed a two-headed ogre
  7528 | D:9      | Killed a two-headed ogre
  7529 | D:9      | Reached XP level 11. HP: 78/81 MP: 11/11
  7562 | D:9      | Found a snail-covered altar of Cheibriados.
  7591 | D:9      | Reached ** piety under Trog
  8025 | D:9      | Noticed a skeletal warrior
  8034 | D:9      | Reached skill level 13 in Maces & Flails
  8043 | D:9      | Noticed a fire dragon
  8061 | D:9      | Killed a skeletal warrior
  8063 | D:9      | HP: 4/121 [fire dragon/blast of flame (38)]
  8069 | D:9      | Slain by a fire dragon

Illustrated notes

Levels and vault maps discovered:
D:1:      dpeg_arrival_chambers_temple_mockup, layout_rooms, serial_shops, shop,
          hex_medium, kennysheep_minor_cross, nicolae_grassy_gnolls
D:2:      layout_basic, minmay_between
D:3:      layout_rooms, chequers_temple_overflow_statue_of_worship,
          mainiacjoe_overflow_boulevard, demons_altar,
          nicolae_overflow_ecumenical_swirl, goddamned_bats
D:4:      layout_loops_ring, nicolae_uskayaw_dance_hall,
          nicolae_overflow_crystal_walls, serial_shops,
          nicolae_shop_statue_plus, portal_sewer_entry_d, roderic_batcave,
          uniq_pikel
D:5:      layout_loops_ring, minmay_hedge_maze, kennysheep_generic_room_14,
          uniq_edmund
D:6:      layout_cave_pools
D:7:      layout_cave_pods, mainiacjoe_overflow_paths,
          minmay_temple_entry_water_ring, roadster_capsule_ark_zombie
D:8:      layout_basic, kb_rosetta, uniq_jeremiah
D:9:      minmay_the_grid_4x2 [minmay_the_grid_zigzag_pyramid,
          minmay_the_grid_paths, minmay_the_grid_square_x,
          minmay_the_grid_outer_circle, minmay_the_grid_diamond_grid,
          minmay_the_grid_x, minmay_the_grid_minigrid_large,
          minmay_the_grid_prize_big_room], layout_rooms, slow_altar_1
Temple:   dshaligram_water_room_temple

Skill      XL: |  1  2  3  4  5  6  7  8  9 10 11 |
---------------+----------------------------------+-----
Maces & Flails | 2 4 6 8 10 12 13 | 13.2
Dodging        | 1 |  1.0
Stealth        | 1 2 3 4 5 |  5.0
Evocations     | 1 |  1.0
Throwing       | 1 |  1.0
Armour         | 3 4 5 |  5.0
Unarmed Combat | 3 4 5 |  5.9
Shapeshifting  | 1 |  1.0
Fighting       | 4 5 6 |  6.0
Shields        | |  2.6

Action                     |  1- 3 |  4- 6 |  7- 9 | 10-12 || total
---------------------------+-------+-------+-------+-------++-------
  Melee: Flail             |   118 |   140 |       |       ||   258
         Touch             |       |    14 |    24 |       ||    38
         Punch             |       |     3 |     1 |       ||     4
         Whip              |       |       |   142 |       ||   142
         Dire flail        |       |       |   202 |   241 ||   443
  Throw: Dart              |       |     3 |     1 |     1 ||     5
         Stone             |       |       |       |     1 ||     1
 Invoke: Berserk           |       |       |       |     1 ||     1
         Trog's Hand       |       |       |       |     1 ||     1
    Use: Potion            |       |     1 |     5 |     5 ||    11
         Scroll            |       |       |     9 |     7 ||    16
   Stab: Distracted        |     1 |       |       |     3 ||     4
         Sleeping          |       |       |     4 |       ||     4
 Armour: Scale mail        |   110 |   154 |    54 |       ||   318
         Ring mail         |       |       |   142 |   157 ||   299
  Dodge: Dodged            |    64 |   124 |   155 |    88 ||   431
  Block: Buckler           |    32 |       |       |       ||    32
         Other             |       |       |    15 |    38 ||    53

Table legend: (Time is in decaauts)
 A = Elapsed time spent in this place.
 B = Non-inter-level travel time spent in this place.
 C = Inter-level travel time spent in this place.
 D = Time resting spent in this place.
 E = Time spent auto-exploring this place.
 F = Levels seen in this place.
 G = Mean time per level.
                   A        B        C        D        E       F      G
               +--------+--------+--------+--------+--------+-----+--------+
         Total |   8023 |   7014 |   1009 |    520 |   4155 |  11 |  729.4 |
       Dungeon |   7670 |   6661 |   1009 |    520 |   4025 |   9 |  852.2 |
        Temple |      1 |      1 |      0 |      0 |      0 |   1 |    1.0 |
         Sewer |    351 |    351 |      0 |      0 |    129 |   1 |  351.0 |
               +--------+--------+--------+--------+--------+-----+--------+

Top non-repeatable levels by time:
     D:7: 1026 daAuts
     D:2: 1001 daAuts
     D:1: 967 daAuts
     D:3: 954 daAuts
     D:4: 904 daAuts
     D:8: 819 daAuts
     D:5: 818 daAuts
     D:9: 614 daAuts
     D:6: 564 daAuts
   Sewer: 351 daAuts
  Temple: 1 daAuts
